 Dungeon Sprint DCSS version 0.29-a0-1009-g60c99734e7 (webtiles) character file.

Game seed: 756780296835755176

39652 Hubris850 the Conqueror (level 14, -19/198 HPs)
             Began as an Ogre Berserker on Aug 8, 2022.
             Was the Champion of Trog.
             Killed from afar by a guardian serpent (22 damage)
             ... with a bolt of poison
             ... in the Dungeon (Sprint IX: "|||||||||||||||||||||||||||||").
             The game lasted 00:17:55 (4793 turns).

Hubris850 the Conqueror (Ogre Berserker)            Turns: 4793, Time: 00:17:57

Health: -19/198    AC: 18    Str: 28    XL:     14   Next: 7%
Magic:  4/14       EV: 10    Int: 11    God:    Trog [******]
Gold:   1100       SH:  0    Dex:  8    Spells: 13/13 levels left

rFire   x . .      SeeInvis .   t - +6 giant spiked club (flame)
rCold   + + .      Faith    .   (shield currently unavailable)
rNeg    . . .      Spirit   .   C - +1 ice dragon scales
rPois   .          Reflect  .   (helmet restricted)
rElec   .          Harm     .   l - +2 cloak
rCorr   .          Rampage  .   (gloves unavailable)
Will    +....      NoTele   +   (boots unavailable)
Stlth   ..........              (no amulet)
HPRegen 0.43/turn               m - +3 ring of intelligence
MPRegen 0.14/turn               n - +2 ring of evasion

@: lethally poisoned (-19 -> -62), weakened, on berserk cooldown, slowed,
constricted, very slow
A: large, unfitting armour, tough skin 1
a: Renounce Religion, Berserk, Trog's Hand, Brothers in Arms


You were in the Dungeon.
You worshipped Trog.
Trog was exalted by your worship.
You visited 1 branch You collected 1776 gold pieces.
You spent 676 gold pieces at shops.

Inventory:

Hand Weapons
 a - a +0 mace
 i - a +8 antimagic giant club
 k - a +2 vorpal dire flail
 o - a +9 vorpal great mace
 p - a +2 vorpal great mace
 t - a +6 giant spiked club of flaming (weapon)
 v - a +6 flail of flaming
 B - a +8 giant club
Missiles
 F - 2 large rocks (quivered)
Armour
 b - a +2 animal skin
 l - a +2 cloak (worn)
 u - a +2 robe of willpower
 C - +1 ice dragon scales (worn)
Jewellery
 m - a +3 ring of intelligence (left hand)
 n - a +2 ring of evasion (right hand)
 x - a ring of see invisible
 y - a ring of poison resistance
 z - a ring of protection from cold
 A - a ring of willpower
Wands
 j - a wand of iceblast (16)
 s - a wand of mindburst (27)
 G - a wand of polymorph (8)
Scrolls
 h - a scroll of blinking
 q - 5 scrolls of enchant armour
 r - 2 scrolls of fear
 D - a scroll of identify
 E - a scroll of butterflies
Potions
 c - 5 potions of curing
 d - 3 potions of heal wounds
 e - 5 potions of haste
 f - 4 potions of magic
 g - 3 potions of berserk rage
 w - a potion of might


   Skills:
 O Level 27 Fighting
 - Level 22.0 Maces & Flails
 - Level 4.4 Throwing
 + Level 9.3 Armour
 + Level 13.3 Dodging
 - Level 7.4 Evocations


You had 13 spell levels left.
You didn't know any spells.
Your spell library was empty.

Dungeon Overview and Level Annotations

Branches:
Dungeon (1/1)

Altars:
Cheibriados
Dithmenos
Elyvilon
Fedhas
Gozag
Hepliaklqana
Kikubaaqudgha
Makhleb
Nemelex Xobeh
Okawaru
Qazlal
Ru
Sif Muna
Trog
Uskayaw
Vehumet
Wu Jian
Xom
Yredelemnul
Zin
The Shining One
Jiyva
Lugonu

Shops:
D (*!(


Innate Abilities, Weirdness & Mutations

You are too large for most types of armour.
You have tough skin. (AC +1)


Message History

You feel sick. The naga mage spits poison at you.
The splash of poison misses you. The naga mage hits you with a +0 spear!
The naga mage closely misses you.
Items here: ) [ ††.
You hit the naga mage but do no damage.
You feel sick.
The naga mage barely misses you. x2; The naga mage hits you with a +0 spear!
The naga mage grabs you. The naga mage constricts you.
You closely miss the naga mage.
You feel sick.
You are no longer poisoned.
The naga mage hits you with a +0 spear! The naga mage constricts you.
You feel better.
The naga mage gestures at you while chanting.
The bolt of poison hits you!!
You are poisoned.
* * * LOW HITPOINT WARNING * * *
The naga mage constricts you.
* * * LOW HITPOINT WARNING * * *
The naga mage spits poison at you.
The splash of poison hits you but does no damage.
You are more poisoned.
The naga mage constricts you.
* * * LOW HITPOINT WARNING * * *
The naga mage hits you with a +0 spear!
* * * LOW HITPOINT WARNING * * *
The naga mage constricts you.
* * * LOW HITPOINT WARNING * * *
You closely miss the naga mage.
You feel very sick.
The naga mage gestures at you while chanting.
The bolt of poison hits you!!
You are more poisoned.
* * * LOW HITPOINT WARNING * * *
The naga mage constricts you.
* * * LOW HITPOINT WARNING * * *
The guardian serpent casts a spell at you.
The bolt of poison hits the naga mage.
The naga mage completely resists.
The bolt of poison hits you!!
You are more poisoned.
You die...

)........))))))∩.∩.∩)∩)....'.....
▓▓▓▓▓▓▓▓▓▓▓▓▓▓▓▓▓▓▓▓▓▓▓▓▓▓▓▓▓▓▓▓▓
...)...................).........
▓▓▓▓▓▓▓▓▓▓▓▓▓▓▓▓▓▓▓▓▓▓▓▓▓▓▓▓▓▓▓▓▓
[...!..))).).))............'.....
▓▓▓▓▓▓▓▓▓▓▓▓▓▓▓▓▓▓▓▓▓▓▓▓▓▓▓▓▓▓▓▓▓
.))).............)...............
▓▓▓▓▓▓▓▓▓▓▓▓▓▓▓▓▓▓▓▓▓▓▓▓▓▓▓▓▓▓▓▓▓
....'))).)).).')@NSS....
▓▓▓▓▓▓▓▓▓▓▓▓▓▓▓▓▓▓▓▓▓▓▓▓


You could see a guardian serpent, a black mamba and a naga mage (fast, catching
breath).

Vanquished Creatures
  A nagaraja (D)
  A broodmother (D)
  A spark wasp (D)
  Josephine (D)
  2 merfolk impalers (D)
  An ice dragon (D)
  A hydra (D)
  Erolcha (D)
  A salamander tyrant (D)
  A catoblepas (D)
  An ogre mage (D)
  A ghost crab (D)
  A death knight (D)
  A centaur warrior (D)
  2 tengu warriors (D)
  2 orc high priests (D)
  A deep troll earth mage (D)
  A spriggan (D)
  A pharaoh ant (D)
  A sun moth (D)
  A spriggan druid (D)
  A mana viper (D)
  2 orc knights (D)
  10 orc sorcerers (D)
  A cyclops (D)
  A wolf spider (D)
  A moth of wrath (D)
  A merfolk siren (D)
  Joseph (D)
  A guardian serpent (D)
  A torpor snail (D)
  A black mamba (D)
  Maurice (D)
  6 cane toads (D)
  Psyche (D)
  2 komodo dragons (D)
  2 tengu conjurers (D)
  2 merfolk (D)
  3 tyrant leeches (D)
  A hornet (D)
  3 blink frogs (D)
  A slime creature (D)
  2 culicivoras (D)
  A jumping spider (D)
  A wyvern (D)
  5 wraiths (D)
  A shadow (D)
  A water elemental (D)
  A spriggan (shapeshifter) (D)
  A basilisk (D)
  A vampire mosquito (D)
  A naga (D)
  An acid dragon (D)
  2 water moccasins (D)
  10 orc warriors (D)
  2 phantoms (D)
  2 bullfrogs (D)
  2 howler monkeys (D)
  3 orc priests (D)
  An iguana (D)
  7 orc wizards (D)
  8 orcs (D)
  2 goblins (D)
  A jackal (D)
  3 quokkas (D)
  A ball python (D)
127 creatures vanquished.

Vanquished Creatures (collateral kills)
  Saint Roka (D)
  A lich (D)
  A very ugly thing (D)
  A vampire knight (D)
  An ettin (D)
  A merfolk javelineer (D)
  A hydra (D)
  An alligator (D)
  A harpy (D)
  A black mamba (D)
  A cane toad (D)
  A blink frog (D)
  A snapping turtle (D)
  A wyvern (D)
  A water moccasin (D)
  An orc warrior (D)
  A boggart (D)
  A hell rat (D)
  2 orcs (D)
20 creatures vanquished.

Vanquished Creatures (others)
  An eleionoma (D)
  A swamp dragon (D)
  A will-o-the-wisp (D)
  An orc wizard (D)
4 creatures vanquished.

Grand Total: 151 creatures vanquished

Notes
Turn   | Place    | Note
-------+----------+-------------------------------------------
     0 | D        | Hubris850 the Ogre Berserker began the quest for the Orb.
     0 | D        | Reached XP level 1. HP: 24/24 MP: 1/1
     7 | D        | Reached ** piety under Trog
    19 | D        | Noticed an iguana
    19 | D        | Noticed a phantom
    19 | D        | Noticed a phantom
    22 | D        | Killed an iguana
    23 | D        | Reached XP level 2. HP: 32/32 MP: 2/2
    23 | D        | Reached XP level 3. HP: 39/39 MP: 3/3
    32 | D        | Killed a phantom
    32 | D        | Reached *** piety under Trog
    33 | D        | Reached XP level 4. HP: 37/48 MP: 4/4
    38 | D        | Killed a phantom
    39 | D        | Reached skill level 10 in Maces & Flails
    39 | D        | Reached XP level 5. HP: 26/54 MP: 5/5
   191 | D        | Found a snail-covered altar of Cheibriados.
   191 | D        | Found a shadowy altar of Dithmenos.
   191 | D        | Found a white marble altar of Elyvilon.
   191 | D        | Found a blossoming altar of Fedhas.
   191 | D        | Found an opulent altar of Gozag.
   192 | D        | Found a hazy altar of Hepliaklqana.
   193 | D        | Found a viscous altar of Jiyva.
   194 | D        | Found an ancient bone altar of Kikubaaqudgha.
   195 | D        | Found a corrupted altar of Lugonu.
   196 | D        | Found a burning altar of Makhleb.
   197 | D        | Found a sparkling altar of Nemelex Xobeh.
   198 | D        | Found an iron altar of Okawaru.
   199 | D        | Found a stormy altar of Qazlal.
   200 | D        | Found a sacrificial altar of Ru.
   201 | D        | Found a shimmering blue altar of Sif Muna.
   202 | D        | Found a bloodstained altar of Trog.
   203 | D        | Found a hide-covered altar of Uskayaw.
   204 | D        | Found a radiant altar of Vehumet.
   205 | D        | Found an ornate altar of the Wu Jian Council.
   206 | D        | Found a shimmering altar of Xom.
   207 | D        | Found a basalt altar of Yredelemnul.
   208 | D        | Found a glowing silver altar of Zin.
   209 | D        | Found a glowing golden altar of the Shining One.
   245 | D        | Noticed an orc warrior
   245 | D        | Noticed a shadow
   245 | D        | Noticed a wyvern
   249 | D        | Killed an orc warrior
   249 | D        | Reached **** piety under Trog
   250 | D        | Reached XP level 6. HP: 62/62 MP: 6/6
   257 | D        | Killed a shadow
   258 | D        | Reached XP level 7. HP: 70/70 MP: 7/7
   268 | D        | Killed a wyvern
   270 | D        | Reached ***** piety under Trog
   429 | D        | Noticed a cyclops
   429 | D        | Noticed a wraith
   429 | D        | Noticed a tengu conjurer
   429 | D        | Noticed a wraith
   429 | D        | Noticed a vampire mosquito
   436 | D        | Reached skill level 5 in Fighting
   436 | D        | Reached skill level 1 in Evocations
   441 | D        | Killed a cyclops
   442 | D        | Reached skill level 7 in Fighting
   442 | D        | Reached skill level 5 in Dodging
   442 | D        | Reached XP level 8. HP: 74/87 MP: 8/8
   446 | D        | Killed a wraith
   447 | D        | Reached skill level 8 in Fighting
   457 | D        | Killed a tengu conjurer
   458 | D        | Reached skill level 9 in Fighting
   458 | D        | Reached skill level 5 in Evocations
   462 | D        | Killed a wraith
   463 | D        | Reached XP level 9. HP: 53/100 MP: 9/9
   697 | D        | Noticed Joseph
   708 | D        | Killed Joseph
   708 | D        | Received a gift from Trog
   709 | D        | Reached skill level 10 in Fighting
   851 | D        | Noticed a cane toad
   851 | D        | Noticed a komodo dragon
   851 | D        | Noticed a seven-headed hydra
   854 | D        | Noticed a cane toad
   856 | D        | Killed a cane toad
   857 | D        | Reached skill level 15 in Maces & Flails
   857 | D        | Noticed a cane toad
   865 | D        | Killed a komodo dragon
   871 | D        | Killed a seven-headed hydra
   872 | D        | Reached XP level 10. HP: 98/111 MP: 10/10
   878 | D        | Killed a cane toad
   883 | D        | Killed a cane toad
  1197 | D        | Noticed a catoblepas
  1197 | D        | Noticed a cane toad
  1201 | D        | Noticed a black mamba
  1215 | D        | Killed a catoblepas
  1225 | D        | HP: 4/111 [cane toad (7)]
  1239 | D        | Killed a cane toad
  1240 | D        | Received a gift from Trog
  1241 | D        | Killed a black mamba
  1457 | D        | Noticed a cane toad
  1457 | D        | Noticed a cane toad
  1462 | D        | Killed a cane toad
  1463 | D        | Reached XP level 11. HP: 100/119 MP: 3/11
  1482 | D        | Reached ****** piety under Trog
  1483 | D        | Reached skill level 1 in Throwing
  1486 | D        | Reached skill level 11 in Fighting
  1835 | D        | Noticed Maurice
  1846 | D        | Killed Maurice
  1846 | D        | Received a gift from Trog
  1886 | D        | Noticed an orc high priest
  1900 | D        | Noticed an orc sorcerer
  1911 | D        | Killed an orc high priest
  1911 | D        | Received a gift from Trog
  1912 | D        | Reached skill level 12 in Fighting
  1912 | D        | Killed an orc sorcerer
  2138 | D        | Noticed an orc high priest
  2146 | D        | Killed an orc high priest
  2146 | D        | Received a gift from Trog
  2150 | D        | Noticed an orc knight
  2152 | D        | Noticed an orc knight
  2164 | D        | Killed an orc knight
  2168 | D        | Killed an orc knight
  2177 | D        | Received a gift from Trog
  2499 | D        | Found Geled's Antique Weapon Emporium.
  2499 | D        | Noticed an orc sorcerer
  2499 | D        | Noticed an orc sorcerer
  2500 | D        | Noticed an orc sorcerer
  2503 | D        | Killed an orc sorcerer
  2504 | D        | Noticed an orc sorcerer
  2512 | D        | Killed an orc sorcerer
  2512 | D        | Received a gift from Trog
  2513 | D        | Reached skill level 13 in Fighting
  2513 | D        | Found Lomaewnaeci's Assorted Antiques.
  2514 | D        | Noticed a sixfirhy
  2519 | D        | Noticed an orc sorcerer
  2521 | D        | Killed an orc sorcerer
  2522 | D        | Reached skill level 14 in Fighting
  2524 | D        | Killed an orc sorcerer
  2525 | D        | Reached XP level 12. HP: 106/140 MP: 4/12
  2525 | D        | Found Mamie's Distillery.
  2530 | D        | Received a gift from Trog
  2531 | D        | Reached skill level 15 in Fighting
  2533 | D        | Found Wohuk's Antique Weapon Shoppe.
  2565 | D        | Reached skill level 16 in Fighting
  2566 | D        | Reached skill level 17 in Fighting
  2583 | D        | Bought a potion of might for 56 gold pieces
  2585 | D        | Bought a shiny brass ring for 130 gold pieces
  2592 | D        | Bought a potion of haste for 140 gold pieces
  2592 | D        | Bought a potion of haste for 140 gold pieces
  2592 | D        | Bought a potion of haste for 140 gold pieces
  2592 | D        | Bought a potion of heal wounds for 70 gold pieces
  2676 | D        | Noticed Erolcha
  2680 | D        | Killed Erolcha
  2681 | D        | Reached skill level 18 in Fighting
  2699 | D        | Noticed Psyche
  2702 | D        | Killed Psyche
  2807 | D        | Noticed a death knight
  2807 | D        | Noticed an ogre mage
  2808 | D        | Noticed a centaur warrior
  2813 | D        | Noticed a tengu warrior
  2814 | D        | Killed a death knight
  2815 | D        | Reached skill level 19 in Fighting
  2816 | D        | Killed an ogre mage
  2818 | D        | Noticed a vampire knight
  2820 | D        | Received a gift from Trog
  2822 | D        | Reached skill level 20 in Fighting
  2828 | D        | Killed a centaur warrior
  2829 | D        | Noticed an ettin
  2833 | D        | Noticed a green very ugly thing
  2838 | D        | Killed a tengu warrior
  2839 | D        | Reached skill level 21 in Fighting
  2839 | D        | Noticed a lich
  2846 | D        | Noticed a tengu warrior
  2856 | D        | Killed a green very ugly thing
  2860 | D        | Killed a lich
  2860 | D        | Received a gift from Trog
  2861 | D        | Reached skill level 22 in Fighting
  2866 | D        | Killed a vampire knight
  2867 | D        | Reached skill level 23 in Fighting
  2868 | D        | Noticed an ice dragon
  2878 | D        | Killed an ettin
  2879 | D        | Reached XP level 13. HP: 57/178 MP: 13/13
  2887 | D        | Reached skill level 24 in Fighting
  2892 | D        | Killed an ice dragon
  2898 | D        | Received a gift from Trog
  3286 | D        | Noticed Josephine
  3291 | D        | Reached skill level 25 in Fighting
  3294 | D        | Killed Josephine
  3311 | D        | Noticed Saint Roka
  3336 | D        | Killed Saint Roka
  3337 | D        | Reached skill level 26 in Fighting
  3339 | D        | Received a gift from Trog
  3726 | D        | Noticed an eleionoma
  3731 | D        | Reached skill level 27 in Fighting
  3736 | D        | Killed an eleionoma
  3752 | D        | Received a gift from Trog
  4145 | D        | Noticed a spark wasp
  4146 | D        | Noticed a broodmother
  4147 | D        | Killed a spark wasp
  4148 | D        | Reached skill level 10 in Dodging
  4162 | D        | Reached skill level 5 in Armour
  4169 | D        | Killed a broodmother
  4175 | D        | Received a gift from Trog
  4524 | D        | Noticed a merfolk javelineer
  4524 | D        | Noticed a merfolk impaler
  4532 | D        | Killed a merfolk javelineer
  4534 | D        | Noticed a merfolk impaler
  4540 | D        | Killed a merfolk impaler
  4545 | D        | Killed a merfolk impaler
  4545 | D        | Received a gift from Trog
  4768 | D        | Noticed a nagaraja
  4781 | D        | Killed a nagaraja
  4782 | D        | Reached XP level 14. HP: 173/198 MP: 10/14
  4786 | D        | Received a gift from Trog
  4793 | D        | HP: 4/198 [naga mage/bolt of poison (24)]
  4793 | D        | Killed from afar by a guardian serpent

Illustrated notes

Levels and vault maps discovered:
D:        linesprint [early_d, line_temple, items_1, d_10, items_2, lair_1,
          lair_end, items_3, orc_1, orc_end, items_4, d_15, swamp_1, shoals_1,
          snake_1, spider_1, d_20, vaults_1, items_5, swamp_end, shoals_end,
          snake_end, spider_end, vaults_end, d_27, items_6, zot_1, zot_end,
          crypt_end, forest_end, elf_end, slime_end, tomb_end, abyss_end,
          pan_hell_end]

Skill      XL: |  1  2  3  4  5  6  7  8  9 10 11 12 13 |
---------------+----------------------------------------+-----
Maces & Flails | 6 8 10 11 13 14 17 20 22 | 22.0
Fighting       | 7 9 10 14 23 27 | 27.0
Dodging        | 5 6 7 8 13 | 13.3
Evocations     | 3 5 6 7 |  7.4
Throwing       | 4 |  4.4
Armour         | 9 |  9.3

Action                   |  1- 3 |  4- 6 |  7- 9 | 10-12 | 13-15 || total
-------------------------+-------+-------+-------+-------+-------++-------
Melee: Mace              |    21 |     5 |       |       |       ||    26
       Dire flail        |       |    10 |    45 |       |       ||    55
       Great mace        |       |       |    19 |    35 |       ||    54
       Giant club        |       |       |       |   113 |       ||   113
       Giant spiked club |       |       |       |    69 |   104 ||   173
Throw: Large rock        |       |       |       |     2 |     2 ||     4
Invok: Berserk           |     1 |     1 |     3 |     3 |     1 ||     9
       Trog's Hand       |       |       |     1 |     3 |     1 ||     5
       Brothers in Arms  |       |       |     1 |     3 |     5 ||     9
  Use: Scroll            |       |       |     4 |     2 |       ||     6
       Potion            |       |       |       |     7 |     2 ||     9
Armor: Animal skin       |     3 |     2 |    13 |    23 |       ||    41
       Robe              |       |       |       |     8 |       ||     8
       Ice dragon scales |       |       |       |    20 |    58 ||    78
Dodge: Dodged            |     3 |       |    45 |    71 |    61 ||   180

Table legend: (Time is in decaauts)
 A = Elapsed time spent in this place.
 B = Non-inter-level travel time spent in this place.
 C = Inter-level travel time spent in this place.
 D = Time resting spent in this place.
 E = Time spent auto-exploring this place.
 F = Levels seen in this place.
 G = Mean time per level.
                   A        B        C        D        E       F      G
               +--------+--------+--------+--------+--------+-----+--------+
         Total |   4725 |   4725 |      0 |   3434 |      0 |   1 | 4725.0 |
       Dungeon |   4725 |   4725 |      0 |   3434 |      0 |   1 | 4725.0 |
               +--------+--------+--------+--------+--------+-----+--------+

Top non-repeatable levels by time:
       D: 4725 daAuts
